 Dungeon Crawl Stone Soup version 0.22-a0-322-g60b3cfd (webtiles) character file.

155 xccam the Fighter (level 5, -4/51 HPs)
             Began as a Gnoll Wanderer on Apr 5, 2018.
             Killed by nerve-wracking pain
             ... invoked by Grinder
              (12 damage)
             ... on level 3 of the Dungeon.
             The game lasted 00:04:16 (2097 turns).

xccam the Fighter (Gnoll Wanderer)                  Turns: 2097, Time: 00:04:17

Health: -4/51      AC: 10    Str: 19    XL:     5   Next: 37%
Magic:  7/7        EV: 10    Int: 18    God:
Gold:   66         SH:  0    Dex: 17    Spells: 6/6 levels left

rFire    . . .     SeeInvis .   c - +0 spear
rCold    . . .     Gourm    .   (no shield)
rNeg     . . .     Faith    .   a - +2 scale mail
rPois    .         Spirit   .   (no helmet)
rElec    .         Reflect  .   (no cloak)
rCorr    .         Harm     .   (no gloves)
MR       .....                  j - +0 pair of boots
Stlth    +.........             (no amulet)
HPRegen  0.17/turn              (no ring)
MPRegen  0.10/turn              (no ring)

@: mighty, brilliant
A: distributed training, fangs 1, strong nose
a: no special abilities


You were on level 3 of the Dungeon.
You were not hungry.

You visited 1 branch of the dungeon, and saw 3 of its levels.

You collected 66 gold pieces.

Inventory:

Hand Weapons
 b - a +0 falchion
 c - a +0 spear (weapon)
Missiles
 h - 84 stones (quivered)
Armour
 a - a +2 scale mail (worn)
 j - a +0 pair of boots (worn)
Scrolls
 f - a scroll of enchant armour {unknown}
 g - a scroll of magic mapping {unknown}
 m - a scroll of remove curse {unknown}
Comestibles
 d - a ration
 n - a chunk of flesh


   Skills:
 + Level 8.6 Fighting
 + Level 1.4 Short Blades
 + Level 1.4 Long Blades
 + Level 1.4 Axes
 + Level 1.4 Maces & Flails
 + Level 2.9 Polearms
 + Level 1.4 Staves
 + Level 1.4 Slings
 + Level 1.4 Bows
 + Level 1.4 Crossbows
 + Level 4.7 Throwing
 + Level 4.7 Armour
 + Level 1.4 Dodging
 + Level 2.7 Stealth
 + Level 1.4 Shields
 + Level 1.4 Unarmed Combat
 + Level 1.4 Spellcasting
 + Level 1.1 Conjurations
 + Level 1.1 Hexes
 + Level 1.1 Charms
 + Level 1.1 Summonings
 + Level 1.1 Necromancy
 + Level 1.1 Translocations
 + Level 1.1 Transmutations
 + Level 1.1 Fire Magic
 + Level 1.1 Ice Magic
 + Level 1.1 Air Magic
 + Level 1.1 Earth Magic
 + Level 1.1 Poison Magic
 + Level 1.6 Invocations
 + Level 1.4 Evocations


You had 6 spell levels left.
You didn't know any spells.

Dungeon Overview and Level Annotations

Branches:
Dungeon (3/15)

Altars:

Annotations:
D:3 Grinder


Innate Abilities, Weirdness & Mutations

Your experience applies equally to all skills.
You have very sharp teeth.
Your uncanny sense of smell can sniff out nearby items.


Message History

Grinder blinks!
It was a potion of curing.
You feel better. Grinder gestures at you. You resist with significant effort.
It was a potion of brilliance.
You feel clever all of a sudden. Grinder gestures at you.
You suddenly lose the ability to move!
Grinder gestures at you. You resist with significant effort.
You can move again.
Evoke which item? (* to show all) (? for menu, Esc to quit)
Attack whom?
Press: ? - help, Dir - move target cursor, f/p - Grinder
Aim: Grinder (severely wounded)
You reach to attack!
You puncture Grinder!
Grinder is almost dead.
Grinder gestures at you. Pain shoots through your body!
You die...

#........# ∆
#........######
..#....####.....#
..........).......
...#....##....##.
#######+##....#
.....$........#
........(..####
.....5†@..##
......!...#
....(.....#
......%...#
.(.......?#
###########


You could see Grinder.

Vanquished Creatures
  Jessica (D:2)
  5 adders (D:2)
  2 oozes
  A worm (D:2)
  3 dart slugs
  2 leopard geckos
  A ball python (D:1)
  5 bats
  4 giant cockroaches
  7 goblins
  12 hobgoblins
  3 jackals (D:1)
  A quokka (D:2)
  2 frilled lizards
  6 kobolds
  7 rats
62 creatures vanquished.

Notes
Turn   | Place    | Note
-------+----------+-------------------------------------------
     0 | D:1      | xccam the Gnoll Wanderer began the quest for the Orb.
     0 | D:1      | xccam set off with: a +2 scale mail, a +0 falchion, a +0 spear, a ration
     0 | D:1      | Reached XP level 1. HP: 26/26 MP: 1/1
   261 | D:1      | Reached XP level 2. HP: 33/33 MP: 2/2
   405 | D:1      | Reached XP level 3. HP: 33/38 MP: 3/3
   474 | D:1      | Reached skill level 1 in Invocations
   781 | D:1      | You fall through a shaft!
   807 | D:2      | Reached skill level 1 in Short Blades
   807 | D:2      | Reached skill level 1 in Long Blades
   807 | D:2      | Reached skill level 1 in Axes
   807 | D:2      | Reached skill level 1 in Maces & Flails
   807 | D:2      | Reached skill level 1 in Staves
   807 | D:2      | Reached skill level 1 in Slings
   807 | D:2      | Reached skill level 1 in Bows
   807 | D:2      | Reached skill level 1 in Crossbows
   807 | D:2      | Reached skill level 1 in Dodging
   807 | D:2      | Reached skill level 1 in Shields
   807 | D:2      | Reached skill level 1 in Unarmed Combat
   807 | D:2      | Reached skill level 1 in Spellcasting
   807 | D:2      | Reached skill level 1 in Evocations
   973 | D:2      | Noticed Jessica
   980 | D:2      | Killed Jessica
   980 | D:2      | Reached XP level 4. HP: 45/45 MP: 5/5
  1048 | D:2      | Reached skill level 1 in Conjurations
  1048 | D:2      | Reached skill level 1 in Hexes
  1048 | D:2      | Reached skill level 1 in Charms
  1048 | D:2      | Reached skill level 1 in Summonings
  1048 | D:2      | Reached skill level 1 in Necromancy
  1048 | D:2      | Reached skill level 1 in Translocations
  1048 | D:2      | Reached skill level 1 in Transmutations
  1048 | D:2      | Reached skill level 1 in Fire Magic
  1048 | D:2      | Reached skill level 1 in Ice Magic
  1048 | D:2      | Reached skill level 1 in Air Magic
  1048 | D:2      | Reached skill level 1 in Earth Magic
  1048 | D:2      | Reached skill level 1 in Poison Magic
  1555 | D:2      | Reached XP level 5. HP: 51/51 MP: 6/6
  2072 | D:3      | Noticed Grinder
  2088 | D:3      | HP: 2/51 [Grinder/nerve-wracking pain (14)]
  2091 | D:3      | Paralysed by Grinder for 6 turns
  2097 | D:3      | Killed from afar by Grinder

Vault maps used:
D:1:      dpeg_cavernosity
D:2:      minmay_diamond_boxcup, uniq_jessica
D:3:      bh_chokoban, uniq_grinder

Skill      XL: |  1  2  3  4 |
---------------+-------------+-----
Invocations    | 1 |  1.6
Short Blades   | 1 |  1.4
Long Blades    | 1 |  1.4
Axes           | 1 |  1.4
Maces & Flails | 1 |  1.4
Staves         | 1 |  1.4
Slings         | 1 |  1.4
Bows           | 1 |  1.4
Crossbows      | 1 |  1.4
Dodging        | 1 |  1.4
Shields        | 1 |  1.4
Unarmed Combat | 1 |  1.4
Spellcasting   | 1 |  1.4
Evocations     | 1 |  1.4
Conjurations   | 1 |  1.1
Hexes          | 1 |  1.1
Charms         | 1 |  1.1
Summonings     | 1 |  1.1
Necromancy     | 1 |  1.1
Translocations | 1 |  1.1
Transmutations | 1 |  1.1
Fire Magic     | 1 |  1.1
Ice Magic      | 1 |  1.1
Air Magic      | 1 |  1.1
Earth Magic    | 1 |  1.1
Poison Magic   | 1 |  1.1
Fighting       | |  8.6
Polearms       | |  2.9
Throwing       | |  4.7
Armour         | |  4.7
Stealth        | |  2.7

Action                   |  1- 3 |  4- 6 || total
-------------------------+-------+-------++-------
Melee: Spear             |   150 |   116 ||   266
       Bite              |    13 |    10 ||    23
Throw: Stone             |       |     9 ||     9
  Use: Potion            |       |     4 ||     4
 Stab: Sleeping          |       |     1 ||     1
       Distracted        |       |     1 ||     1
  Eat: Chunk             |       |     4 ||     4
Armor: Scale mail        |    89 |    41 ||   130
Dodge: Dodged            |    84 |    44 ||   128

Table legend:
 A = Spawn XP
 B = Non-spawn XP
 C = Spawn XP percentage of total XP
 D = Spawn monster count
 E = Non-spawn monster count
 F = Spawn count percentage of total count
 G = Total turns spent on level
                    A         B        C        D         E        F      G
               +---------+---------+-------+---------+---------+-------+---------
         Total |       0 |     222 |   0.0 |       0 |      62 |   0.0 |  2097
               +---------+---------+-------+---------+---------+-------+---------
           D:1 |       0 |      63 |   0.0 |       0 |      31 |   0.0 |   984
           D:2 |       0 |     155 |   0.0 |       0 |      29 |   0.0 |  1073
           D:3 |       0 |       4 |   0.0 |       0 |       2 |   0.0 |    40
               +---------+---------+-------+---------+---------+-------+---------
